 Dungeon Crawl Stone Soup version 0.21-a0-401-g0b6bec4 (webtiles) character file.

2875 graki42 the Digger (level 9, -1/50 HPs)
             Began as a Gargoyle Earth Elementalist on Oct 26, 2017.
             Was a Believer of the Shining One.
             Slain by an orc warrior
             ... wielding a +0 battleaxe
              (11 damage)
             ... on level 6 of the Dungeon.
             The game lasted 00:20:34 (6315 turns).

graki42 the Digger (Gargoyle Earth Elementalist)    Turns: 6315, Time: 00:20:34

Health: -1/50      AC: 19    Str: 12 (15) XL:     9   Next: 76%
Magic:  5/17       EV: 11    Int: 17 (18) God:    the Shining One [**....]
Gold:   357        SH:  0    Dex: 10      Spells: 15/19 levels left

rFire    . . .     SeeInvis .   c - staff of earth
rCold    + . .     Gourm    .   (no shield)
rNeg     + + .     Faith    .   t - +1 ring mail
rPois    ∞         Spirit   .   (no helmet)
rElec    +         Reflect  .   p - +2 cloak
rCorr    .         Harm     .   k - +2 pair of gloves
MR       .....                  (no boots)
Stlth    +.........             (no amulet)
HPRegen  0.16/turn              y - +2 ring of intelligence
MPRegen  0.15/turn              q - ring of protection from cold

@: very slightly contaminated, glowing
A: negative energy resistance 1, electricity resistance, unbreathing,
petrification resistance, rot immunity, AC +6
a: Divine Shield, Renounce Religion


You were on level 6 of the Dungeon.
You worshipped the Shining One.
The Shining One was pleased with you.
You were not hungry.

You visited 1 branch of the dungeon, and saw 7 of its levels.
You also visited: Sewer.

You collected 357 gold pieces.

Inventory:

Hand Weapons
 H - a +2 flail of protection
Missiles
 b - 259 stones (quivered)
Armour
 k - a +2 pair of gloves (worn)
 p - a +2 cloak (worn)
 t - a +1 ring mail (worn)
Magical Staves
 c - an uncursed staff of earth (weapon)
Jewellery
 h - an uncursed ring of stealth {unknown}
 q - a ring of protection from cold (right hand)
 y - a +2 ring of intelligence (left hand)
Wands
 i - a wand of digging (11/24)
 E - a wand of confusion (1/48)
 I - a wand of flame (40/48)
Scrolls
 f - a scroll of fog
 g - a scroll of recharging
 n - 2 scrolls of enchant weapon
 r - a scroll of remove curse
Potions
 a - a potion of resistance
 l - a potion of flight
 s - a potion of degeneration
 v - a potion of mutation {unknown}
 w - 2 potions of invisibility
 x - 2 potions of brilliance {unknown}
 A - a potion of agility
 B - 2 potions of ambrosia
 C - 2 potions of curing {unknown}
 D - 4 potions of heal wounds {unknown}
 K - a potion of haste {unknown}
Books
 e - a book of Geomancy

   Spells                             Type                      Level
   a - Sandblast                      Earth                        1
   b - Passwall                       Transmutation/Earth          2
   c - Stone Arrow                    Conjuration/Earth            3
   d - Petrify                        Transmutation/Earth          4
   e - Lee's Rapid Deconstruction     Earth                        5
Comestibles
 d - 3 bread rations
 m - 6 fruits
 G - a meat ration


   Skills:
 + Level 3.1 Fighting
 + Level 5.0(5.2) Maces & Flails
 + Level 1.6(3.5) Staves
 + Level 3.9 Armour
 + Level 3.2 Dodging
 - Level 2.5 Stealth
 + Level 5.8 Spellcasting
 * Level 5.6 Conjurations
   Level 0.7 Transmutations
 + Level 7.9 Earth Magic
 + Level 0.1 Invocations
 * Level 1.3 Evocations


You had 15 spell levels left.
You knew the following spells:

 Your Spells              Type           Power        Failure   Level  Hunger
a - Sandblast             Erth           #####.       1%          1    None
b - Stone Arrow           Conj/Erth      #####.       4%          3    ##.....


Dungeon Overview and Level Annotations

Branches:
Dungeon (7/15)             Temple (0/1) D:4

Altars:
Cheibriados
Makhleb
Okawaru
Uskayaw
The Shining One


Innate Abilities, Weirdness & Mutations

You are resistant to torment.
Your stone body is resilient. (AC +6)
You are immune to poison.
You resist negative energy. (rN+)
You are resistant to electric shocks. (rElec)
You can survive without breathing.
You are immune to petrification.
You are immune to rotting.


Message History

The bullfrog completely misses you.
Casting: Stone Arrow
Confirm with . or Enter, or press ? or * to list all spells.
Aiming: Stone Arrow
Press: ? - help, Shift-Dir - straight line, f/p - orc warrior
Aim: an orc warrior, wielding a battleaxe and wearing a plate armour (severely wounded, haloed)
You feel a surge of power!
The stone arrow misses the orc warrior.
The bullfrog hits you but does no damage.
The orc warrior misses you.
Casting: Stone Arrow
Confirm with . or Enter, or press ? or * to list all spells.
Aiming: Stone Arrow
Press: ? - help, Shift-Dir - straight line, f/p - orc warrior
Aim: an orc warrior, wielding a battleaxe and wearing a plate armour (severely wounded, haloed)
You feel a surge of power!
You miscast Stone Arrow.
You are very lightly contaminated with residual magic.
You are showered with tiny particles of grit.
The bullfrog closely misses you.
The orc warrior hits you with a battleaxe!
You die...

#.## ##.....................##..
#..# ##......................##..
##.###...................##......
#.............................###
..........#############......## #
..........#,#.#...#.#.#.....##
..........#*,#.....#.###...##
≈.........#,#..#.#..#.##.[##
≈.........##.,*#@##..###.(#
≈.........#.,*#oF.##..#.(.##
..........#.##..[..##.#....##
..........#..##...##..#..#5.## #
..........##..##.##.†##.###>.####
..........#,#..###..#.#.# ##.....
..........#*,#..#..#.#### #.....
..........#,*,#..[#.#.# ##..###
.........#######.####### #..##


You could see an orc warrior and a bullfrog.

Vanquished Creatures
  The ghost of Salmacis the Nimble, a novice OpBe of Trog (D:5)
  Grinder (D:6)
  Menkaure (D:6)
  A hungry ghost (D:5)
  Edmund (D:6)
  Duvessa (D:4)
  A sky beast (D:5)
  An ice beast (D:6)
  An orc warrior (D:5)
  A phantom (D:4)
  2 centaurs (D:6)
  2 ogres (D:5)
  A big kobold (Sewer)
  A scorpion (D:5)
  Dowan (D:4)
  The ghost of Shymer the Charmwright, a weakling MfSk (D:4)
  2 howler monkeys
  A centaur zombie (D:5)
  4 crimson imps
  7 hounds
  2 orc priests (D:6)
  A bullfrog skeleton (D:6)
  3 orc wizards
  An iguana (D:5)
  Ijyb (D:4)
  Natasha (thrice) (D:4)
  A worker ant (D:4)
  A killer bee zombie (D:2)
  A gnoll (D:6)
  4 adders
  An ooze (D:4)
  2 adder zombies
  3 worms
  A dart slug (D:2)
  2 leopard geckos
  12 orcs
  3 giant cockroaches
  9 goblins
  3 hobgoblins
  A jackal (Sewer)
  6 quokkas
  3 ball pythons
  5 bats
  2 frilled lizards
  11 kobolds
  A leopard gecko skeleton (D:5)
  A quokka skeleton (D:5)
  10 rats
126 creatures vanquished.

Notes
Turn   | Place    | Note
-------+----------+-------------------------------------------
     0 | D:1      | graki42 the Gargoyle Earth Elementalist began the quest for the Orb.
     0 | D:1      | Reached XP level 1. HP: 10/10 MP: 3/3
   257 | D:1      | Reached skill level 4 in Earth Magic
   272 | D:1      | Reached XP level 2. HP: 12/15 MP: 3/5
   830 | D:2      | Found a faded altar of an unknown god.
   831 | D:2      | Reached XP level 3. HP: 19/19 MP: 4/6
  1093 | D:2      | Found a snail-covered altar of Cheibriados.
  1495 | D:2      | Reached XP level 4. HP: 20/24 MP: 6/8
  1675 | D:2      | Learned a level 3 spell: Stone Arrow
  1857 | D:3      | Found a hide-covered altar of Uskayaw.
  1860 | D:3      | Found a glowing golden altar of the Shining One.
  1860 | D:3      | Found a burning altar of Makhleb.
  1892 | D:3      | Became a worshipper of the Shining One
  1901 | D:3      | Found an iron altar of Okawaru.
  2072 | D:3      | Reached XP level 5. HP: 28/28 MP: 7/9
  2429 | D:4      | Noticed a phantom
  2440 | D:4      | Killed a phantom
  2440 | D:4      | Reached skill level 1 in Maces & Flails
  2440 | D:4      | Reached skill level 1 in Conjurations
  2440 | D:4      | Reached skill level 5 in Earth Magic
  2694 | D:4      | Reached XP level 6. HP: 32/33 MP: 11/11
  2698 | D:4      | Noticed Natasha
  2712 | D:4      | Killed Natasha
  2712 | D:4      | Reached skill level 1 in Armour
  2793 | D:4      | Noticed Natasha
  2796 | D:4      | Killed Natasha
  2810 | D:4      | Noticed Natasha
  2813 | D:4      | Killed Natasha
  2855 | D:4      | Reached skill level 1 in Fighting
  2860 | D:4      | Noticed Dowan
  3022 | D:4      | Killed Dowan
  3088 | D:4      | Found a staircase to the Ecumenical Temple.
  3090 | D:4      | Noticed Ijyb
  3139 | D:4      | Killed Ijyb
  3278 | D:4      | Noticed Shymer's ghost (weakling MfSk)
  3290 | D:4      | Killed Shymer's ghost
  3290 | D:4      | Reached XP level 7. HP: 33/38 MP: 10/12
  3531 | D:4      | Noticed Duvessa
  3565 | D:4      | Killed Duvessa
  3789 | D:5      | Entered Level 5 of the Dungeon
  4011 | D:5      | Noticed Salmacis's ghost (novice OpBe)
  4027 | D:5      | Killed Salmacis's ghost
  4027 | D:5      | Reached * piety under the Shining One
  4027 | D:5      | Reached skill level 6 in Earth Magic
  4027 | D:5      | Reached XP level 8. HP: 37/44 MP: 0/14
  4454 | D:5      | Reached skill level 7 in Earth Magic
  4487 | D:5      | Reached skill level 5 in Spellcasting
  4870 | D:6      | Reached XP level 9. HP: 49/49 MP: 16/16
  4894 | D:6      | Reached skill level 5 in Conjurations
  4897 | D:6      | Noticed Menkaure
  4902 | D:6      | Killed Menkaure
  4911 | D:6      | Noticed Edmund
  4918 | D:6      | Killed Edmund
  4929 | D:6      | Found a glowing drain.
  4949 | Sewer    | Entered a sewer
  5068 | Sewer    | Found a white marble altar of Elyvilon.
  5421 | D:6      | Reached ** piety under the Shining One
  5638 | D:6      | Reached skill level 5 in Maces & Flails
  5878 | D:6      | Noticed Grinder
  5885 | D:6      | Killed Grinder
  5885 | D:6      | Reached skill level 1 in Staves
  6256 | D:6      | Reached skill level 1 in Evocations
  6315 | D:6      | Slain by an orc warrior

Vault maps used:
D:1:      dpeg_arrival_fog, st_stairs_3
D:2:      first_bread, chequers_ecumenical_altar_island, kennysheep_slug_shrine
D:3:      grunt_temple_overflow_open, okawaru_ov_weapons_minmay,
          item_on_display_a
D:4:      minmay_temple_entry_grid, uniq_natasha, uniq_duvessa, uniq_ijyb
D:5:      cheibrodos_fzero
D:6:      minmay_diamond_boxcup, portal_sewer_entry_a, uniq_grinder,
          uniq_menkaure, uniq_edmund
D:7:      hangedman_abyss_or_decor_passed
Sewer:    sewer_kobolds

Skill      XL: |  1  2  3  4  5  6  7  8  9 |
---------------+----------------------------+-----
Earth Magic    | 4 5 6 7 |  7.9
Dodging        | 2 3 |  3.2
Spellcasting   | 3 4 5 |  5.8
Maces & Flails | 1 2 3 4 5 |  5.0
Conjurations   | 1 2 3 4 5 |  5.6
Armour         | 1 2 3 |  3.9
Fighting       | 1 2 3 |  3.1
Staves         | 1 |  1.6
Evocations     | 1 |  1.3
Stealth        | |  2.5
Transmutations | |  0.7
Invocations    | |  0.1

Action                   |  1- 3 |  4- 6 |  7- 9 || total
-------------------------+-------+-------+-------++-------
Melee: Mace              |    49 |   164 |    88 ||   301
       Unarmed           |     1 |       |       ||     1
       Staff             |       |       |   191 ||   191
       Flail             |       |       |    27 ||    27
 Cast: Sandblast         |    22 |    34 |    42 ||    98
       Stone Arrow       |       |       |    34 ||    34
Invok: Divine Shield     |       |       |     1 ||     1
Evoke: Wand              |       |       |     3 ||     3
  Use: Potion            |       |     1 |     2 ||     3
       Scroll            |       |       |    10 ||    10
  Eat: Chunk             |     2 |     5 |    16 ||    23
Armor: Robe              |    31 |     1 |       ||    32
       Ring mail         |       |   112 |   241 ||   353
Dodge: Dodged            |    49 |   104 |   208 ||   361
Block: Other             |       |       |     2 ||     2

Table legend:
 A = Spawn XP
 B = Non-spawn XP
 C = Spawn XP percentage of total XP
 D = Spawn monster count
 E = Non-spawn monster count
 F = Spawn count percentage of total count
 G = Total turns spent on level
                    A         B        C        D         E        F      G
               +---------+---------+-------+---------+---------+-------+---------
         Total |       0 |    4108 |   0.0 |       0 |     126 |   0.0 |  6315
               +---------+---------+-------+---------+---------+-------+---------
           D:1 |       0 |      25 |   0.0 |       0 |      15 |   0.0 |   661
           D:2 |       0 |      66 |   0.0 |       0 |      12 |   0.0 |  1036
           D:3 |       0 |      87 |   0.0 |       0 |      18 |   0.0 |   856
           D:4 |       0 |     718 |   0.0 |       0 |      21 |   0.0 |  1335
           D:5 |       0 |    1569 |   0.0 |       0 |      21 |   0.0 |  1005
           D:6 |       0 |    1488 |   0.0 |       0 |      27 |   0.0 |  1163
           D:7 |       0 |      37 |   0.0 |       0 |       1 |   0.0 |    31
         Sewer |       0 |     118 |   0.0 |       0 |      11 |   0.0 |   228
               +---------+---------+-------+---------+---------+-------+---------
